 Dungeon Crawl Stone Soup version 0.17.1-3-g152610e (webtiles) character file.

15404 moxian the Carver (level 12, 0/106 HPs)
             Began as a Minotaur Fighter on Apr 20, 2016.
             Was an Elder of the Shining One.
             Slain by a minotaur
             ... wielding a +7 rod of shadows (2/9)
              (27 damage)
             ... in a labyrinth on Apr 21, 2016.
             The game lasted 01:03:30 (12472 turns).

moxian the Carver (Minotaur Fighter)               Turns: 12472, Time: 01:03:30

Health: 0/106      AC: 13    Str: 20    XL:     12   Next: 0%
Magic:  12/14      EV: 15    Int:  5    God:    the Shining One [****..]
Gold:   722        SH: 20    Dex: 16    Spells: 0 memorised, 11 levels left

rFire  . . .     SeeInvis +     a - +1 long sword
rCold  . . .     Clarity  .     w - +0 scale mail
rNeg   + + .     SustAt   .     c - +0 shield
rPois  +         Gourm    .     K - +2 hat
rElec  .         Spirit   .     (no cloak)
rCorr  .         Warding  .     h - +0 pair of gloves
rMut   .         Stasis   .     G - +0 pair of boots
MR     .....                    (no amulet)
Stlth  ..........               F - ring of see invisible
                                V - ring of poison resistance

@: divine shield, very slightly contaminated, hasted, glowing, very quick, not
resistant to hostile enchantments, extremely unstealthy
A: retaliatory headbutt, hooves 1, horns 2
a: Divine Shield, Cleansing Flame, Renounce Religion


You were in a labyrinth.
You worshipped the Shining One.
The Shining One was greatly pleased with you.
You were hungry.

You visited 3 branches of the dungeon, and saw 14 of its levels.
You also visited: Labyrinth and Ossuary.

You collected 722 gold pieces.

Inventory:

Hand Weapons
 a - a +1 long sword (weapon)
 b - a +0 hunting sling
Missiles
 n - 84 sling bullets
 L - 10 tomahawks (quivered)
Armour
 c - a +0 shield (worn)
 h - a +0 pair of gloves (worn)
 i - a +0 chain mail
 j - a +0 ring mail
 w - a +0 scale mail (worn)
 G - a +0 pair of boots (worn)
 K - a +2 hat (worn)
Jewellery
 A - an uncursed ring of flight
 F - a ring of see invisible (right hand)
 P - an uncursed ring of teleportation
 V - a ring of poison resistance (left hand)
Wands
 m - a wand of magic darts (14)
 r - a wand of disintegration (9)
 C - a wand of polymorph (7)
 H - a wand of enslavement (12)
 W - a wand of cold (0)
Scrolls
 f - a scroll of identify
 v - a scroll of teleportation
 D - 4 scrolls of fear
 J - a scroll of fog {unknown}
 M - 2 scrolls of enchant armour {unknown}
Potions
 d - 8 potions of might
 o - a potion of brilliance
 q - 3 potions of berserk rage
 u - a potion of lignification
 x - a potion of curing
 B - 3 potions of agility
 O - 2 potions of cancellation
 R - a potion of resistance
Comestibles
 e - 7 bread rations
 p - 22 fruits
 z - 5 meat rations
 I - a beef jerky


   Skills:
 + Level 10.0 Fighting
 + Level 10.6 Long Blades
 * Level 4.9(5.0) Slings
 + Level 1.1(3.0) Throwing
 + Level 9.3 Armour
 * Level 10.2 Dodging
 + Level 1.4 Stealth
 + Level 10.3 Shields
 * Level 4.4 Invocations


You had 11 spell levels left.
You didn't know any spells.

Dungeon Overview and Level Annotations

Branches:
Dungeon (9/15)             Temple (1/1) D:4            Lair (4/8) D:9
 Shoals (0/4) Lair:4       Spider (0/4) Lair:4
    Orc: D:9-12

Altars:
Ashenzari
Cheibriados
Dithmenos
Fedhas
Gozag
Kikubaaqudgha
Makhleb
Nemelex Xobeh
Okawaru
Qazlal
Ru
Sif Muna
Trog
Vehumet
Xom
Yredelemnul
Zin
The Shining One

Annotations:
Lair:1 Urug


Innate Abilities, Weirdness & Mutations

You reflexively headbutt those who attack you in melee.
You have a pair of horns on your head.
You have large cloven feet.


Message History

The minotaur is moderately wounded.
The minotaur hits you with a rod of shadows!
* * * LOW HITPOINT WARNING * * *
You block the minotaur's attack.
Drink which item? (? for menu, Esc to quit)
You feel yourself speed up. You block the minotaur's attack.
The minotaur gores you.
* * * LOW HITPOINT WARNING * * *
You are very lightly contaminated with residual magic.
Drink which item? (? for menu, Esc to quit)
You feel better. The minotaur blocks your attack.
You headbutt the minotaur.
The minotaur is moderately wounded.
You block the minotaur's attack. x2
You hit the minotaur.
The minotaur is moderately wounded.
You hit the minotaur.
The minotaur is heavily wounded.
The minotaur hits you with a rod of shadows!!
You die...

. #o..
. . ..
### #
# #.#
#.#oo
. .
#.#o##
##
..#Oo
. # .
#.# #
# #
#.#o#
#
#.#C#
. # .
#@#Y #
.
#H#Y#
# #
#CF.
.. .
###.#
# #
... #.
.
###.#
. .
... .
. #..
. ..


You could see a minotaur, a hill giant and a giant frog.

Vanquished Creatures
  Gastronok (D:8)
  A death yak (Lair:2)
  Sonja (Lair:1)
  Nergalle (Lair:2)
  Pikel (D:3)
  3 black mambas
  7 spiny frogs
  A komodo dragon (Lair:3)
  A fire drake (Lair:2)
  4 blink frogs (Lair:2)
  5 yaks (Lair:3)
  4 hippogriffs
  8 hungry ghosts (Lab)
  2 water moccasins (Lair:1)
  A phantom (D:6)
  An orc warrior (D:7)
  An ice beast (D:6)
  2 sky beasts
  4 porcupines
  A necrophage (D:8)
  A black bear (Lair:2)
  4 centaurs
  5 ogres
  3 crocodiles
  11 giant frogs
  A water moccasin zombie (Ossuary)
  2 scorpions
  An electric eel (Lair:3)
  5 wights
  A hound (D:7)
  A giant frog zombie (D:6)
  A gnoll shaman (D:5)
  3 crimson imps
  2 giant frog skeletons
  7 iguanas
  A jelly (D:7)
  4 orc priests
  5 orc wizards
  Jessica (D:2)
  A centaur skeleton (D:6)
  5 worker ants
  12 sheep
  3 big kobold zombies (Ossuary)
  A hound zombie (D:7)
  2 mummies (Ossuary)
  4 gnolls (D:5)
  2 worker ant zombies
  11 adders
  31 river rats
  2 shadow imps
  3 oozes
  An adder skeleton (D:4)
  7 adder zombies (Ossuary)
  2 worms
  2 giant geckos
  14 orcs
  3 ball pythons
  8 bats
  8 goblins
  10 hobgoblins
  6 jackals
  3 quokkas
  11 giant cockroaches
  2 giant gecko skeletons
  8 giant newts
  2 gnoll zombies (Ossuary)
  3 hobgoblin zombies (Ossuary)
  5 kobolds
  6 kobold zombies (Ossuary)
  2 orc zombies (Ossuary)
  15 rats
  A plant (Lair:3)
305 creatures vanquished.

Vanquished Creatures (others)
  A slave (D:4)
  2 orcs (D:4)
  3 fungi
6 creatures vanquished.

Grand Total: 311 creatures vanquished

Notes
Turn   | Place    | Note
--------------------------------------------------------------
     0 | D:1      | moxian the Minotaur Fighter began the quest for the Orb.
     0 | D:1      | Reached XP level 1. HP: 19/19 MP: 0/0
    56 | D:1      | Reached XP level 2. HP: 24/27 MP: 1/1
   118 | D:1      | Reached skill level 4 in Fighting
   600 | D:2      | Reached XP level 3. HP: 33/33 MP: 2/2
   638 | D:2      | Noticed Jessica
   646 | D:2      | Killed Jessica
   706 | D:2      | Reached XP level 4. HP: 36/40 MP: 3/3
   745 | D:2      | Found an opulent altar of Gozag.
   748 | D:2      | Found a bloodstained altar of Trog.
  1360 | D:2      | Reached skill level 1 in Dodging
  1440 | D:3      | Reached XP level 5. HP: 44/47 MP: 4/4
  1446 | D:3      | Reached skill level 5 in Shields
  1926 | D:3      | Found a deep blue altar of Sif Muna.
  1928 | D:3      | Found a burning altar of Makhleb.
  2303 | D:4      | Found a staircase to the Ecumenical Temple.
  2362 | D:4      | Reached XP level 6. HP: 44/55 MP: 5/5
  2380 | D:4      | Noticed an ogre
  2602 | D:4      | Reached skill level 5 in Fighting
  2643 | D:4      | Noticed a slave
  2645 | D:4      | Noticed Pikel
  2646 | D:4      | Noticed a slave
  2650 | D:4      | Noticed a slave
  2669 | D:3      | Killed Pikel
  2669 | D:3      | Reached skill level 5 in Long Blades
  2669 | D:3      | Reached skill level 5 in Armour
  2669 | D:3      | Reached XP level 7. HP: 34/61 MP: 6/6
  2802 | D:4      | Noticed a freed slave
  2819 | D:4      | Noticed an ogre
  2840 | D:4      | Killed an ogre
  2840 | D:4      | Reached skill level 6 in Shields
  2873 | D:4      | Killed a freed slave
  2887 | D:4      | Found a blossoming altar of Fedhas.
  3084 | D:3      | Killed an ogre
  3197 | D:4      | Reached XP level 8. HP: 70/70 MP: 7/7
  3269 | D:4      | Noticed an ogre
  3276 | D:4      | Killed an ogre
  3276 | D:4      | Reached skill level 5 in Dodging
  3584 | D:5      | Entered Level 5 of the Dungeon
  3965 | Temple   | Entered the Ecumenical Temple
  4077 | Temple   | Became a worshipper of the Shining One
  4739 | D:5      | Reached skill level 7 in Shields
  5144 | D:6      | Reached XP level 9. HP: 73/79 MP: 6/8
  5167 | D:6      | Reached * piety under the Shining One
  5418 | D:6      | Found a sacrificial altar of Ru.
  6560 | D:7      | Found a snail-covered altar of Cheibriados.
  6685 | D:8      | Reached skill level 8 in Shields
  6700 | D:8      | Noticed Gastronok
  6739 | D:8      | Found a sand-covered staircase.
  6751 | Ossuary  | Entered an ossuary
  6764 | Ossuary  | Reached ** piety under the Shining One
  6855 | Ossuary  | Reached *** piety under the Shining One
  7068 | D:8      | Killed Gastronok
  7068 | D:8      | Reached skill level 9 in Long Blades
  7068 | D:8      | Reached XP level 10. HP: 66/90 MP: 6/9
  7451 | D:9      | Found a staircase to the Lair.
  7482 | Lair:1   | Entered Level 1 of the Lair of Beasts
  7486 | Lair:1   | Noticed a black mamba
  7495 | Lair:1   | Killed a black mamba
  7796 | Lair:1   | Reached skill level 1 in Invocations
  8001 | Lair:1   | Noticed a black mamba
  8006 | Lair:1   | Killed a black mamba
  8024 | Lair:1   | Noticed Urug
  8057 | Lair:1   | Reached skill level 1 in Slings
  8325 | Lair:1   | Noticed Sonja
  8350 | Lair:1   | Killed Sonja
  8825 | Lair:2   | Noticed a black mamba
  8829 | Lair:2   | Killed a black mamba
  8829 | Lair:2   | Reached XP level 11. HP: 97/97 MP: 11/11
  8842 | Lair:2   | Reached skill level 1 in Stealth
  8981 | Lair:2   | Noticed Nergalle
  9037 | Lair:2   | Killed Nergalle
  9391 | Lair:2   | Gained mutation: You have large cloven feet. [potion of beneficial mutation]
  9899 | Lair:2   | Reached skill level 10 in Long Blades
  9902 | Lair:2   | Reached **** piety under the Shining One
 10120 | Lair:2   | Noticed a five-headed hydra
 10122 | Lair:2   | Noticed a death yak
 10122 | Lair:2   | a five-headed hydra changed into a death yak
 10139 | Lair:2   | Killed a death yak
 10139 | Lair:2   | Reached skill level 10 in Shields
 10943 | Lair:3   | Reached skill level 10 in Dodging
 11193 | Lair:3   | Reached skill level 10 in Fighting
 11868 | Lair:4   | Found a labyrinth entrance.
 11925 | Lab      | Entered a labyrinth
 12234 | Lab      | Found an exit through the horrors of the Abyss.
 12368 | Lab      | Reached skill level 1 in Throwing
 12368 | Lab      | Reached XP level 12. HP: 106/106 MP: 8/14
 12388 | Lab      | Noticed a minotaur
 12403 | Lab      | Noticed a catoblepas
 12472 | Lab      | Identified a +7 rod of shadows (2/9)
 12472 | Lab      | Slain by a minotaur

Action                   |  1- 3 |  4- 6 |  7- 9 | 10-12 || total
-------------------------+-------+-------+-------+-------++-------
Melee: Long sword        |    89 |   164 |   388 |   532 ||  1173
 Fire: Hunting sling     |       |       |       |     7 ||     7
Throw: Stone             |       |       |    13 |       ||    13
       Tomahawk          |       |       |       |     3 ||     3
Invok: Divine Shield     |       |       |       |     7 ||     7
       Cleansing Flame   |       |       |       |     2 ||     2
Evoke: Wand              |       |       |       |     8 ||     8
  Use: Scroll            |       |    13 |    10 |     6 ||    29
       Potion            |       |     1 |     5 |     5 ||    11
  Eat: Chunk             |       |     6 |    13 |    17 ||    36
       Pizza             |       |       |     1 |     2 ||     3
       Beef jerky        |       |       |       |     3 ||     3
